 Dungeon Crawl Stone Soup version 0.28.0 (webtiles) character file.

Game seed: 2020496035326648134

577969 RepoMan the Sorcerer (level 25, -31/200 HPs)
             Began as a Mummy Cinder Acolyte on Feb 13, 2022.
             Was a Priest of Jiyva (penitent).
             Killed from afar by an orb of fire (53 damage)
             ... with a bolt of fire
             ... on level 3 of the Realm of Zot on Feb 14, 2022.
             The game lasted 14:40:18 (103126 turns).

RepoMan the Sorcerer (Mummy Cinder Acolyte)       Turns: 103126, Time: 14:40:19

Health: -31/200    AC: 23    Str: 31      XL:     25   Next: 84%
Magic:  30/50      EV: 14    Int: 29      God:    Jiyva [***...]
Gold:   3341       SH: 14    Dex: 16 (18) Spells: 5/71 levels left

rFire   . . .      SeeInvis +   F - staff of fire
rCold   + + .      Faith    .   Y - +2 kite shield {rC+}
rNeg    + + +      Spirit   .   J - +6 acid dragon scales
rPois   ∞          Reflect  .   v - +2 helmet of Greed {rF+}
rElec   +          Harm     .   f - +2 cloak "Hongam" {Int+3}
rCorr   +          Rampage  .   H - +0 pair of gloves of Lilacs {rF+ Str+4}
Will    +++..                   A - +2 pair of boots {Fly}
Stlth   ++++......              R - amulet "Zihaxarr" {RegenMP rN+ Stlth+}
HPRegen 0.43/turn               y - ring "Afruc" {rElec rN+ Str+2 Int+4 Dex+9}
MPRegen 0.72/turn               z - ring "Sigu Hiz" {Str+6 SInv}

@: flying, fire susceptible
A: cold resistance 1, negative energy resistance 3, torment resistance 2, heat
vulnerability 1, in touch with death 1, no potions
}: 3/15 runes: serpentine, barnacled, silver
a: Renounce Religion


You were on level 3 of the Realm of Zot.
You worshipped Jiyva.
Jiyva was demanding penance.
You visited 13 branches of the dungeon, and saw 56 of its levels.
You visited the Abyss 3 times.
You also visited: Trove, Gauntlet and Ice Cave.

You collected 9104 gold pieces.
You spent 5763 gold pieces at shops.

Inventory:

Hand Weapons
 n - a +9 eveningstar
 u - the +7 short sword of the Onslaught {venom, rF+ rC+ Int+2 Dex+2}
   (You found it on level 4 of the Dungeon)

   It poisons the flesh of those it strikes.
   Int:       It affects your intelligence (+2).
   Dex:       It affects your dexterity (+2).
   rF:        It protects you from fire.
   rC:        It protects you from cold.
 w - the +6 long sword of Tydops {vorpal, *Rage rPois Will+++ Dex+7}
   (You found it on level 2 of the Depths)

   It inflicts extra damage upon your enemies.
   Dex:       It affects your dexterity (+7).
   rPois:     It protects you from poison.
   *Rage:     It berserks you when you make melee attacks (+20% chance).
   Will:      It greatly increases your willpower.
Missiles
 o - 5 curare-tipped darts
 U - 7 throwing nets
Armour
 f - the +2 cloak "Hongam" (worn) {Int+3}
   (You found it on level 1 of the Lair of Beasts)

   Int:       It affects your intelligence (+3).
 m - +0 storm dragon scales
 p - +0 gold dragon scales
 v - the +2 helmet of Greed (worn) {rF+}
   (You bought it in a shop on level 1 of the Depths)

   rF:        It protects you from fire.
 A - a +2 pair of boots of flying (worn)
 C - a +0 helmet of see invisible
 E - a +1 tower shield of reflection
 H - the +0 pair of gloves of Lilacs (worn) {rF+ Str+4}
   (You found it on level 3 of the Elven Halls)

   Str:       It affects your strength (+4).
   rF:        It protects you from fire.
 J - +6 acid dragon scales (worn)
 Q - +0 ice dragon scales
 T - a +1 tower shield of cold resistance
 Y - a +2 kite shield of cold resistance (worn)
Magical Staves
 F - a staff of fire (weapon)
Jewellery
 b - a ring of wizardry
 c - the amulet of Liberalism {Acrobat Regen+}
   (You acquired it on level 7 of the Dungeon)

   [amulet of the acrobat]

   It increases your evasion while moving and waiting.
   Regen:     It increases your rate of health regeneration.
 e - a ring of fire
 h - a ring of resist corrosion
 y - the ring "Afruc" (left hand) {rElec rN+ Str+2 Int+4 Dex+9}
   (You took it off a vampire on level 3 of the Crypt)

   [ring of positive energy]

   Str:       It affects your strength (+2).
   Int:       It affects your intelligence (+4).
   Dex:       It affects your dexterity (+9).
   rElec:     It insulates you from electricity.
   rN:        It protects you from negative energy.
 z - the ring "Sigu Hiz" (right hand) {Str+6 SInv}
   (You found it in a treasure trove)

   [ring of strength]

   Str:       It affects your strength (+6).
   SInv:      It lets you see invisible.
 G - a ring of protection from cold
 M - the amulet "Bopp" {Spirit rF++ Str+3}
   (You found it on level 3 of the Depths)

   [amulet of guardian spirit]

   It causes incoming damage to be divided between your reserves of health and
   magic.
   Str:       It affects your strength (+3).
   rF:        It greatly protects you from fire.
 R - the amulet "Zihaxarr" (around neck) {RegenMP rN+ Stlth+}
   (You found it in a Gauntlet)

   [amulet of magic regeneration]

   It increases your rate of magic regeneration.
   rN:        It protects you from negative energy.
   Stlth:     It makes you more stealthy.
 V - the ring of Besioco Tima {Fire Int+2}
   (You found it in a Gauntlet)

   [ring of fire]

   It enhances your fire magic.
   Int:       It affects your intelligence (+2).
   rF:        It protects you from fire.
   rC:        It makes you vulnerable to cold.
Wands
 j - a wand of iceblast (40)
 x - a wand of charming (12)
 I - a wand of polymorph (6)
 O - a wand of paralysis (10)
 P - a wand of flame (78)
 S - a wand of mindburst (19)
 W - a wand of digging (3)
Scrolls
 d - 4 scrolls of teleportation
 g - 5 scrolls of brand weapon
 i - 4 scrolls of silence
 k - 2 scrolls of fear
 l - 3 scrolls of amnesia
 q - 12 scrolls of immolation
 r - 4 scrolls of vulnerability
 K - 9 scrolls of enchant weapon
Miscellaneous
 a - a phantom mirror
 s - a condenser vane
 t - a tin of tremorstones (2/2)
 N - a lightning rod (4/4)
 X - a phial of floods (inert)


   Skills:
 - Level 16.8 Fighting
 - Level 2.4 Polearms
 - Level 4.0 Armour
 - Level 8.2 Dodging
 - Level 5.0 Stealth
 - Level 10.8 Shields
 + Level 23.8 Spellcasting
 + Level 16.5 Conjurations
 - Level 7.0 Necromancy
 - Level 3.0 Translocations
 - Level 23.4 Fire Magic
 * Level 13.3 Earth Magic
 - Level 7.1 Evocations


You had 5 spell levels left.
You knew the following spells:

 Your Spells              Type           Power      Damage    Failure   Level
a - Stone Arrow           Conj/Erth      100%       3d13      0%          3
b - Blink                 Tloc           100%       N/A       1%          2
c - Borgnjor's Vile Clut  Necr/Erth      48%        N/A       1%          5
d - Orb of Destruction    Conj           46%        9d12      2%          7
e - Fireball              Conj/Fire      61%        3d23      1%          5
g - Apportation           Tloc           100%       N/A       1%          1
l - Lee's Rapid Deconstr  Erth           42%        3d21*     1%          5
m - Iskenderun's Mystic   Conj/Tloc      74%        2d15      1%          4
p - Ignite Poison         Fire/Tmut/Pois 88%        N/A       1%          3
r - Scorch                Fire           100%       2d10      0%          2
s - Sticky Flame          Conj/Fire      100%       2d11      0%          4
u - Dispel Undead         Necr           85%        3d27      1%          4
v - Poisonous Vapours     Pois/Air       68%        N/A       3%          2
x - Starburst             Conj/Fire      61%        6d16      1%          6
I - Ignition              Fire           65%        3d17      1%          8
X - Irradiate             Conj/Tmut      35%        3d25      2%          5

Your spell library contained the following spells:

 Spells                   Type           Power      Damage    Failure   Level
 Sandblast                Erth           100%       2d20      0%          1
 Conjure Flame            Conj/Fire      100%       6-21      0%          3
 Flame Wave               Conj/Fire      100%       2d17      0%          4
 Animate Skeleton         Necr           100%       N/A       1%          1
 Pain                     Necr           100%       1d9       1%          1
 Corpse Rot               Necr/Air       100%       N/A       1%          2
 Passwall                 Tmut/Erth      54%        N/A       1%          2
 Static Discharge         Conj/Air       70%        N/A       1%          2
 Dazzling Flash           Conj/Hex       100%       N/A       1%          3
 Lesser Beckoning         Tloc           51%        N/A       1%          3
 Vampiric Draining        Necr           85%        2d12      1%          3
 Animate Armour           Summ/Erth      100%       N/A       1%          4
 Animate Dead             Necr           42%        N/A       1%          4
 Hailstorm                Conj/Ice       70%        3d15      1%          4
 Leda's Liquefaction      Hex/Erth       32%        N/A       1%          4
 Petrify                  Tmut/Erth      65%        N/A       1%          4
 Iskenderun's Battlesphe  Conj           92%        2d14      1%          5
 Freeze                   Ice            100%       1d11      2%          1
 Slow                     Hex            100%       N/A       2%          1
 Sting                    Tmut/Pois      100%       1d8       2%          1
 Summon Small Mammal      Summ           100%       N/A       2%          1
 Lightning Bolt           Conj/Air       35%        1d53      2%          5
 Portal Projectile        Hex/Tloc       86%        N/A       3%          3
 Agony                    Necr           85%        N/A       3%          5
 Excruciating Wounds      Necr           42%        N/A       3%          5
 Anguish                  Hex/Necr       35%        N/A       5%          4
 Call Canine Familiar     Summ           34%        N/A       7%          3
 Confusing Touch          Hex            34%        N/A       7%          3
 Frozen Ramparts          Ice            68%        1d8       7%          3
 Ozocubu's Armour         Ice            34%        N/A       7%          3
 Summon Guardian Golem    Hex/Summ       34%        N/A       7%          3
 Passage of Golubria      Tloc           51%        N/A       7%          4
 Freezing Cloud           Conj/Ice/Air   30%        6-21      7%          5
 Manifold Assault         Tloc           51%        N/A       19%         5
 Olgreb's Toxic Radiance  Pois           34%        N/A       22%         4
 Summon Ice Beast         Ice/Summ       34%        N/A       22%         4
 Summon Forest            Summ/Tloc      21%        N/A       34%         5
 Alistair's Intoxication  Tmut/Pois      22%        N/A       54%         5
 Metabolic Englaciation   Hex/Ice        17%        N/A       54%         5
 Silence                  Hex/Air        17%        N/A       54%         5
 Summon Mana Viper        Hex/Summ       34%        N/A       54%         5
 Conjure Ball Lightning   Conj/Air       35%        3x3d11    12%         6
 Death Channel            Necr           42%        N/A       19%         6
 Lehudib's Crystal Spear  Conj/Erth      44%        10d11     32%         8
 Fire Storm               Conj/Fire      61%        8d16      54%         9
 Simulacrum               Ice/Necr       35%        N/A       63%         6
 Eringya's Noxious Bog    Tmut/Pois      17%        N/A       98%         6
 Summon Cactus Giant      Summ           17%        N/A       98%         6
 Monstrous Menagerie      Summ           17%        N/A       100%        7
 Ozocubu's Refrigeration  Ice            17%        4d8       100%        7
 Summon Hydra             Summ           17%        N/A       100%        7
 Discord                  Hex            17%        N/A       100%        8
 Disjunction              Tloc           25%        N/A       100%        8
 Maxwell's Capacitive Co  Air            17%        ∞         100%        8
 Chain Lightning          Conj/Air       35%        3d46      100%        9
 Polar Vortex             Ice            17%        N/A       100%        9
 Shatter                  Erth           42%        3d33*     100%        9
 Sublimation of Blood     Necr           Unusable   N/A       N/A         2
 Wereblood                Tmut           Unusable   N/A       N/A         2
 Ice Form                 Ice/Tmut       Unusable   N/A       N/A         4
 Statue Form              Tmut/Erth      Unusable   N/A       N/A         6
 Storm Form               Tmut/Air       Unusable   N/A       N/A         7

Dungeon Overview and Level Annotations

Branches:
Dungeon (15/15)            Temple (1/1) D:7            Lair (6/6) D:9
 Shoals (4/4) Lair:3        Snake (4/4) Lair:4        Slime (5/5) Lair:6
    Orc (2/2) D:9             Elf (3/3) Orc:2        Vaults (5/5) D:13
  Crypt (3/3) Vaults:3       Tomb (1/3) Crypt:3      Depths (4/4) D:15
    Zot (3/5) Depths:4      IceCv (visited)         Gauntlet (visited)

Altars:
Ashenzari
Cheibriados
Dithmenos
Elyvilon
Fedhas
Gozag
Hepliaklqana
Kikubaaqudgha
Makhleb
Nemelex Xobeh
Okawaru
Qazlal
Ru
Sif Muna
Trog
Uskayaw
Vehumet
Wu Jian
Xom
Yredelemnul
Zin
The Shining One
Beogh
Jiyva

Shops:
D:1 [?[*[   D:3 [   D:11 :   Orc:1 [   Orc:2 *=![:   Elf:1 !   Elf:3 *(
Shoals:1 *   Shoals:3 ?   Snake:2 :=:   Vaults:1 [[[[   Vaults:3 (   Depths:1 [
Depths:2 **   Depths:3 !

Portals:
Hell: Depths:1 Depths:2 Depths:3 Depths:4
Abyss: Depths:3
Pandemonium: Depths:2 Depths:3 Depths:4
Ziggurat: Depths:2

Annotations:
Shoals:2 2 transporters, wpisznazwe's ghost, journeyman TrMo
Slime:5 Royal Jelly
Elf:2 6 runed translucent doors, DildoBatman's ghost, veteran FoCj
Zot:1 6 transporters


Innate Abilities, Weirdness & Mutations

You are immune to poison.
Your flesh is cold resistant. (rC+)
You are immune to negative energy. (rN+++)
You are immune to unholy pain and torment.
You are vulnerable to heat. (rF-)
You are in touch with the powers of death.
You do not drink.


Message History

Unknown command.
Unknown command.
Unknown command.
Unknown command.
Casting: Stone Arrow (safe; 0% risk of failure)
Confirm with . or Enter, or press ? or * to list all spells.
You can't see any susceptible monsters within range! (Use Z to cast anyway.) Unknown command.
Unknown command.
Okay, then.
Unknown command.
Unknown command.
Press: ? - help, v - describe, . - travel
Here: an orb of fire (almost destroyed)
The floor.
Unknown command.
Unknown command.
Unknown command.
Okay, then.
Unknown command.
Aim the phial where?
Press: ? - help, Shift-Dir - straight line, f/p - orb of fire
Aim: an orb of fire (almost destroyed)
The torrent of water misses the orb of fire.
The wave splashes down.
The orb of fire emits a lurid red light.
The fireball explodes!
The fireball engulfs you!!
* * * LOW HITPOINT WARNING * * *
Unknown command.
Okay, then.
Press: ? - help, v - describe, . - travel
Here: an orb of fire (steam, almost destroyed) Some shallow water, summoned.
Unknown command.
Casting: Stone Arrow (safe; 0% risk of failure)
Confirm with . or Enter, or press ? or * to list all spells.
You blink.
The orb of fire glows yellow.
The bolt of fire hits you!!!
You die...

....# ... # #...# ....
# ########...#..... #
#..........#..... #
#..........#.... #
+...........# #
#.....##....# #
#.....##...## #
##...@..#....# #####
#.......#...######....
#.......#...#..>......
##..##.###'##.........
#####§###..#.........
#...§*§§...#.....#### .
#...§§§#...#.....#...
..#####≈≈##..#.....#...
.*.. #.≈##..#.....#...


You could see an orb of fire.

Vanquished Creatures
  An orb of fire (Zot:1)
  Mara (Crypt:1)
  An ancient lich (Vaults:5)
  2 juggernauts
  Bai Suzhen (Crypt:1)
  2 royal mummies (Tomb:1)
  Sojobo (Crypt:1)
  Saint Roka (Vaults:3)
  2 curse toes
  8 golden dragons
  3 electric golems
  8 liches
  A walking earthen tome (Depths:2)
  6 tentacled monstrosities
  A shard shrike skeleton (Crypt:1)
  4 quicksilver dragons
  2 deep elf master archers (Elf:3)
  2 deep elf blademasters (Elf:3)
  4 titans
  15 acid blobs
  9 death cobs
  18 sphinxes
  8 ancient champions
  11 tentacled starspawn
  An Executioner (Abyss:5)
  Gastronok (Lair:2)
  8 storm dragons
  7 tengu reavers
  9 shadow dragons
  4 revenants
  7 nagarajas
  The ghost of RamboRex the Fanfare of Bloodshed, an adept DsGl of Makhleb (Snake:1)
  A draconian monk (Zot:2)
  9 rockslimes
  2 draconian knights
  5 azure jellies
  A daeva (Depths:2)
  2 iron dragons
  6 frost giants
  8 fire giants
  A cacodemon (Abyss:4)
  A balrug (Abyss:3)
  14 deep elf sorcerers
  18 vault wardens
  A ghost moth (Zot:2)
  An orc warlord (Orc:2)
  The ghost of Colgate the Earth Mage, a journeyman DrEE of Hepliaklqana (Orc:2)
  Aizul (Shoals:3)
  2 draconian shifters
  2 draconian scorchers
  2 deep elf elementalists (Elf:3)
  8 ghouls
  14 ironbound preservers
  5 quicksilver oozes
  A caustic shrike zombie (Crypt:3)
  A draconian annihilator (Zot:2)
  25 very ugly things
  2 war gargoyles
  4 draconian stormcallers (Depths:4)
  14 stone giants
  2 bennus (Tomb:1)
  6 vampire knights
  2 green draconians
  6 ironbound thunderhulks
  9 deep elf annihilators
  5 red draconians
  2 black draconians (Zot:2)
  2 entropy weavers (Vaults:3)
  6 spark wasps
  9 dire elephants
  A lorocyproca (Abyss:3)
  9 yellow draconians
  5 deep elf demonologists
  4 purple draconians
  8 white draconians
  3 minotaurs
  Snorg (D:13)
  5 eidola
  15 jiangshi
  7 deep elf death magi
  3 blizzard demons
  12 deep elf high priests
  22 ettins
  8 mummy priests (Tomb:1)
  A fire dragon (D:14)
  A quicksilver dragon zombie (Crypt:2)
  18 yaktaur captains
  5 merfolk impalers
  9 great orbs of eyes
  14 naga warriors
  Harold (D:8)
  A hell beast (Depths:3)
  3 spriggan zombies
  A quicksilver dragon skeleton (Vaults:3)
  2 salamander tyrants (Snake:4)
  Erolcha (D:12)
  5 hydras
  32 vault guards
  2 caustic shrike simulacra
  2 spriggan air magi
  9 boulder beetles
  8 spriggan skeletons
  2 ice dragons
  6 anacondas
  5 rakshasas
  An ogre mage (Depths:3)
  A catoblepas (Lair:6)
  2 merfolk aquamancers
  Erica (D:8)
  26 centaur warriors
  3 death knights
  11 ironbound frosthearts
  16 dancing weapons
  13 two-headed ogres
  2 merfolk avatars (Shoals:1)
  20 death yaks
  7 deep troll shamans
  4 hell hogs
  10 satyrs
  5 alligator snapping turtles
  16 death scarabs (Tomb:1)
  Urug (D:11)
  A titan zombie (Crypt:3)
  4 orc high priests (Orc:2)
  10 vampire magi
  6 deep troll earth magi
  6 tengu warriors
  8 hell knights
  3 shock serpents
  13 naga sharpshooters
  13 thrashing horrors
  Sonja (D:10)
  An emperor scorpion zombie (Crypt:2)
  A titan skeleton (Crypt:2)
  4 spriggans
  A storm dragon zombie (Vaults:5)
  4 deep elf knights
  3 spriggan berserkers
  24 skeletal warriors
  8 shadow wraiths
  3 sixfirhies
  2 salamander mystics
  7 iron trolls
  A storm dragon skeleton (Crypt:1)
  5 wretched stars
  The ghost of hitsuchi the Basher, a novice PaAK of Lugonu (D:7)
  53 deep trolls
  3 naga ritualists
  10 deep elf archers
  A glowing orange brain (shapeshifter) (Elf:3)
  An obsidian statue (IceCv)
  9 sea snakes
  An anaconda skeleton (Abyss:3)
  An anaconda zombie (Crypt:1)
  6 glowing orange brains
  3 bog bodies
  9 flayed ghosts
  9 lindwurms
  13 starcursed masses
  8 phantasmal warriors
  9 wizards
  3 spriggan simulacra (IceCv)
  17 ironbound convokers
  5 orc knights
  9 necromancers
  An iron dragon zombie (Crypt:2)
  25 deep elf pyromancers
  8 harpies
  A wolf spider (D:15)
  A shadow dragon zombie (Crypt:3)
  19 deep elf zephyrmancers
  A sphinx skeleton (Vaults:3)
  A shadow dragon skeleton (Vaults:5)
  5 shining eyes
  A shining eye (shapeshifter) (Vaults:5)
  An oklob plant (Lair:2)
  11 cyclopes
  17 manticores
  A mana viper (Snake:2)
  18 moths of wrath
  15 fauns
  A fire giant zombie (Vaults:5)
  A tengu skeleton (Vaults:3)
  54 ugly things
  11 salamanders
  5 orc sorcerers
  2 stone giant skeletons
  10 elephants (Lair:6)
  A fire giant skeleton (Vaults:3)
  A guardian serpent (Snake:2)
  A worldbinder (Abyss:3)
  16 vault sentinels
  2 dire elephant zombies
  Joseph (D:10)
  19 black mambas
  5 merfolk sirens
  2 eyes of devastation
  An apocalypse crab (Abyss:5)
  8 smoke demons
  A water nymph (Shoals:4)
  2 ice statues (Snake:1)
  12 naga magi
  13 cane toads
  19 large abominations
  An orange demon (Abyss:3)
  A catoblepas zombie (Crypt:2)
  2 gargoyles
  A dire elephant skeleton (Crypt:2)
  A human zombie (Vaults:3)
  A steelbarb worm zombie (Crypt:1)
  3 efreet
  4 rime drakes
  6 unseen horrors
  4 centaur skeletons
  An orb spider zombie (Crypt:3)
  11 komodo dragons
  3 tengu conjurers
  35 yaktaurs
  An anaconda simulacrum (IceCv)
  8 freezing wraiths
  6 entropy weaver simulacra (IceCv)
  5 hellwings (Abyss:4)
  3 guardian mummies (Tomb:1)
  8 ice devils (IceCv)
  9 trolls
  A tyrant leech (Gauntlet)
  2 yaktaur skeletons
  3 ancient zymes
  A harpy zombie (Crypt:2)
  30 merfolk
  A white draconian skeleton (Crypt:3)
  2 hydra zombies
  A tengu simulacrum (Vaults:3)
  3 wind drakes
  2 polar bears
  2 harpy skeletons
  2 meliai (D:14)
  5 hornets
  124 slime creatures
  20 blink frogs
  A fire dragon zombie (Crypt:1)
  An ice dragon zombie (Crypt:2)
  10 raiju
  15 dream sheep
  An ettin zombie (Crypt:3)
  7 snapping turtles
  A stone giant simulacrum (Vaults:3)
  A merfolk zombie (Crypt:2)
  A fire dragon skeleton (Crypt:2)
  2 air elementals
  A centaur simulacrum (D:15)
  4 elf skeletons
  4 wraiths
  Sigmund (D:5)
  A culicivora (Vaults:3)
  20 flying skulls
  2 ettin skeletons
  39 yaks
  2 ushabtiu (Tomb:1)
  A dire elephant simulacrum (IceCv)
  4 wyverns
  An ice dragon skeleton (Tomb:1)
  5 vampires
  6 ynoxinuls
  3 vampire mosquitoes
  14 water elementals
  A wind drake zombie (Crypt:3)
  11 basilisks
  11 fire elementals
  4 fire bats (Abyss:2)
  11 golden eyes
  4 steam dragons
  2 chaos spawn (Abyss:3)
  10 neqoxecs
  A redback (shapeshifter) (D:15)
  Grum (D:10)
  8 minotaur simulacra (IceCv)
  5 wargs
  2 harpy simulacra
  4 swamp worms (Gauntlet)
  5 spatial vortices (Abyss:4)
  3 acid dragons
  28 nagas
  3 hydra simulacra
  7 water moccasins
  3 human skeletons
  An ogre skeleton (Vaults:5)
  A floating eye (Depths:4)
  2 ettin simulacra (IceCv)
  2 naga skeletons
  31 orc warriors
  3 sky beasts
  A hornet zombie (D:7)
  4 ice beasts
  2 black bears
  An alligator simulacrum (IceCv)
  23 centaurs
  4 necrophages
  14 wolves
  6 ogres
  A rime drake zombie (Crypt:3)
  A phantom (D:5)
  A kobold brigand (D:8)
  16 bullfrogs
  An octopode zombie (Crypt:3)
  7 scorpions
  4 deep troll simulacra (IceCv)
  19 small abominations
  A wyvern skeleton (D:6)
  A lindwurm simulacrum (IceCv)
  A yak zombie (Crypt:1)
  A raiju zombie (Crypt:2)
  A killer bee (shapeshifter) (D:13)
  7 killer bees
  A wight (D:7)
  4 electric eels (D:9)
  5 howler monkeys
  A bullfrog zombie (D:6)
  12 centaur zombies
  4 quasits
  A gnoll shaman (D:7)
  12 orc priests
  5 hounds
  15 jellies
  Crazy Yiuf (D:2)
  An iron imp (Abyss:2)
  A bullfrog skeleton (D:5)
  7 iguanas
  Natasha (thrice) (D:2)
  22 orc wizards
  A lightning spire (Zot:2)
  7 hell rats (Lair:3)
  A killer bee zombie (D:7)
  A hound skeleton (D:4)
  7 mummies (Tomb:1)
  2 howler monkey zombies
  Robin (D:3)
  12 gnolls
  10 adders
  A shadow imp (D:6)
  4 white imps
  4 ufetubi
  2 worms (D:2)
  2 dart slugs
  70 orcs
  9 ball pythons
  13 bats
  11 endoplasms
  A giant cockroach (D:3)
  14 goblins
  7 hobgoblins
  11 jackals
  15 kobolds
  2 quokkas
  10 frilled lizards
  A goblin zombie (Crypt:1)
  9 rats
  2 rat zombies
  A bush (Lair:6)
  3 lurking horrors (Abyss:4)
  7 starspawn tentacles
2413 creatures vanquished.

Vanquished Creatures (collateral kills)
  A dread lich (Crypt:3)
  Frederick (Vaults:5)
  Mlioglotl (Shoals:4)
  A rockslime (Slime:1)
  A dire elephant (Vaults:2)
  A harpy (Shoals:4)
  A water nymph (Shoals:4)
  A merfolk (Shoals:4)
  A spriggan skeleton (Crypt:1)
  A lava snake skeleton (Crypt:1)
10 creatures vanquished.

Vanquished Creatures (others)
  A great orb of eyes (Vaults:5)
  An iron dragon (Vaults:5)
  A bunyip (shapeshifter) (Vaults:5)
  A lorocyproca (Abyss:4)
  A radroach (shapeshifter) (Vaults:5)
  A goliath frog (shapeshifter) (Vaults:5)
  A moth of wrath (Zot:2)
  A vault sentinel (Vaults:5)
  A yaktaur skeleton (Vaults:5)
  A merfolk (shapeshifter) (Vaults:5)
  An elf simulacrum (Vaults:5)
  2 small abominations (Abyss:4)
  95 jellies
  10 demonic plants (Abyss:4)
  27 foxfires
  45 fungi
  119 plants
  73 starspawn tentacles
  21 withered plants (Crypt:3)
403 creatures vanquished.

Grand Total: 2826 creatures vanquished

Notes
Turn   | Place    | Note
-------+----------+-------------------------------------------
     0 | D:1      | RepoMan the Mummy Cinder Acolyte began the quest for the
                  | Orb.
     0 | D:1      | Reached XP level 1. HP: 18/18 MP: 2/2
   221 | D:1      | Reached XP level 2. HP: 22/24 MP: 4/4
   233 | D:1      | Learned a level 2 spell: Scorch
   491 | D:1      | Found Pedotupp's Armour Shoppe.
   510 | D:1      | Found Pantibb's General Store.
   607 | D:1      | Found Uvud's Antique Armour Shop.
   608 | D:1      | Found Uttuk's Magic Scroll Emporium.
   673 | D:1      | Reached XP level 3. HP: 29/29 MP: 0/6
   726 | D:1      | Found a faded altar of an unknown god.
  1176 | D:1      | Found Inaw's Antique Armour Shoppe.
  1230 | D:2      | Noticed a necrophage
  1433 | D:2      | Killed a necrophage
  1434 | D:2      | Reached XP level 4. HP: 22/35 MP: 0/9
  1461 | D:2      | Reached XP level 5. HP: 30/41 MP: 3/10
  1968 | D:2      | Noticed Natasha
  1984 | D:2      | Killed Natasha
  2245 | D:2      | Noticed Natasha
  2248 | D:2      | Killed Natasha
  2540 | D:2      | Found a runed translucent door.
  2541 | D:2      | Noticed Crazy Yiuf
  2549 | D:2      | Killed Crazy Yiuf
  2976 | D:3      | Found Laret's Armour Shoppe.
  2998 | D:3      | Reached XP level 6. HP: 47/47 MP: 5/12
  3365 | D:3      | Noticed Robin
  3372 | D:3      | Killed Robin
  4209 | D:4      | Identified the +7 short sword of the Onslaught {venom, rF+
                  | rC+ Int+2 Dex+2}
  4214 | D:4      | Reached skill level 5 in Fire Magic
  4437 | D:4      | Reached XP level 7. HP: 47/54 MP: 5/14
  4538 | D:3      | Reached skill level 5 in Spellcasting
  5525 | D:5      | Entered Level 5 of the Dungeon
  5691 | D:5      | Reached XP level 8. HP: 52/61 MP: 12/16
  5696 | D:5      | Reached skill level 5 in Fighting
  6099 | D:5      | Learned a level 2 spell: Poisonous Vapours
  6102 | D:5      | Learned a level 2 spell: Corpse Rot
  6606 | D:5      | Noticed Sigmund
  6615 | D:5      | Killed Sigmund
  6953 | D:1      | Bought a scroll of identify for 28 gold pieces
  6959 | D:1      | Bought a colourful robe for 114 gold pieces
  6959 | D:1      | Identified the +1 robe "Baleisyll" {Dex+3 Slay+3} (You
                  | bought it in a shop on level 1 of the Dungeon)
  7397 | D:6      | Reached XP level 9. HP: 26/69 MP: 3/19
  8212 | D:7      | Noticed hitsuchi's ghost (novice PaAK)
  8222 | D:7      | Found a transporter.
  8241 | D:7      | Found a transporter.
  8600 | D:7      | Found a staircase to the Ecumenical Temple.
  8618 | Temple   | Entered the Ecumenical Temple
  8664 | D:7      | Noticed a troll
  8677 | D:7      | Noticed a two-headed ogre
  8696 | D:6      | Killed a troll
  8809 | D:7      | Noticed a centaur warrior
  8812 | D:7      | Noticed a cyan ugly thing
  8816 | D:7      | Killed a centaur warrior
  8966 | D:1      | Bought a scroll of magic mapping for 38 gold pieces
  8966 | D:1      | Bought a scroll of torment for 82 gold pieces
  8967 | D:1      | Identified a scroll of acquirement
  9191 | D:7      | Learned a level 4 spell: Flame Wave
  9432 | D:7      | Killed a two-headed ogre
  9433 | D:7      | Reached XP level 10. HP: 66/80 MP: 11/23
 10242 | D:7      | Acquired the amulet of Liberalism {Acrobat Regen+}
 10402 | D:8      | Reached skill level 10 in Fire Magic
 10413 | D:8      | Reached skill level 1 in Conjurations
 10445 | D:8      | Noticed a manticore
 10458 | D:8      | Killed a manticore
 10514 | D:8      | Reached skill level 10 in Spellcasting
 10787 | D:8      | Learned a level 3 spell: Stone Arrow
 10794 | D:8      | Learned a level 6 spell: Starburst
 10799 | D:8      | Learned a level 4 spell: Iskenderun's Mystic Blast
 10808 | D:8      | Got the Grimoire of Toxins and Transmigration
 10815 | D:8      | Learned a level 5 spell: Irradiate
 10916 | D:8      | Noticed Harold
 10941 | D:8      | Killed Harold
 10942 | D:8      | Reached XP level 11. HP: 60/87 MP: 10/25
 10971 | D:7      | Noticed a centaur warrior
 11058 | D:8      | Noticed Erica
 11076 | D:8      | Killed Erica
 11330 | D:9      | Found a staircase to the Orcish Mines.
 11641 | D:9      | Found a staircase to the Lair.
 12023 | D:10     | Entered Level 10 of the Dungeon
 12023 | D:10     | Noticed Grum
 12038 | D:10     | Killed Grum
 12170 | D:10     | Noticed Sonja
 12177 | D:10     | Killed Sonja
 12629 | D:10     | Noticed a two-headed ogre
 12629 | D:10     | Noticed a two-headed ogre
 12648 | D:10     | Killed a two-headed ogre
 12654 | D:10     | Killed a two-headed ogre
 12732 | D:10     | Noticed a boulder beetle
 12753 | D:10     | Killed a boulder beetle
 12776 | D:10     | Noticed a centaur warrior
 12797 | D:10     | Noticed Joseph
 13248 | D:10     | Reached XP level 12. HP: 97/97 MP: 22/27
 13278 | D:10     | Found the +6 Majin-Bo {vamp, MP+6 Int+6}
 13283 | D:10     | Got the Compendium of Fire and Clay
 13295 | D:10     | Found an iron altar of Okawaru.
 13306 | D:10     | Killed Joseph
 13545 | Lair:1   | Entered Level 1 of the Lair of Beasts
 13622 | Lair:1   | Reached skill level 1 in Dodging
 14083 | Lair:1   | Identified the +2 cloak "Hongam" {Int+3}
 14143 | Lair:1   | Identified the +1 pair of boots of the Rose {Rampage rN+
                  | Str+2 Dex+3}
 14214 | Lair:1   | Identified the +9 quarterstaff of Valour {distort, rF+ rC-
                  | Will+++ Int-2}
 14622 | Lair:2   | Reached skill level 5 in Conjurations
 14626 | Lair:2   | Found a gate leading to a gauntlet.
 14706 | Lair:2   | Noticed a seven-headed hydra
 14711 | Lair:2   | Killed a seven-headed hydra
 14897 | Gauntlet | Entered a Gauntlet
 14897 | Gauntlet | Found a transporter.
 14897 | Gauntlet | Found a transporter.
 14897 | Gauntlet | Found a transporter.
 14928 | Gauntlet | Found a transporter.
 14930 | Gauntlet | Found a large runed translucent door.
 14931 | Gauntlet | Found a large runed translucent door.
 14932 | Gauntlet | Found a large runed translucent door.
 14932 | Gauntlet | Found a large runed translucent door.
 14932 | Gauntlet | Found a runed translucent door.
 14932 | Gauntlet | Found a runed translucent door.
 14933 | Gauntlet | Found a large runed translucent door.
 14933 | Gauntlet | Found a large runed translucent door.
 14933 | Gauntlet | Found a large runed translucent door.
 14933 | Gauntlet | Found a large runed translucent door.
 14934 | Gauntlet | Found a large runed translucent door.
 14935 | Gauntlet | Found a large runed translucent door.
 14935 | Gauntlet | Found a large runed translucent door.
 14936 | Gauntlet | Found a large runed translucent door.
 14936 | Gauntlet | Found a large runed translucent door.
 14937 | Gauntlet | Found a runed translucent gate.
 14937 | Gauntlet | Found a runed translucent gate.
 14937 | Gauntlet | Found a runed translucent gate.
 14939 | Gauntlet | Found a transporter.
 14939 | Gauntlet | Noticed a great orb of eyes
 14951 | Gauntlet | Found a large runed translucent door.
 14952 | Gauntlet | Found a large runed translucent door.
 14962 | Gauntlet | Found a transporter.
 14962 | Gauntlet | Found a large runed translucent door.
 14975 | Gauntlet | Found a transporter.
 14983 | Gauntlet | Found a transporter.
 15000 | Gauntlet | Found a transporter.
 15009 | Gauntlet | Found a transporter.
 15011 | Gauntlet | Noticed a tengu warrior
 15032 | Gauntlet | Found a transporter.
 15061 | Gauntlet | Found a transporter.
 15132 | Gauntlet | Identified the +1 pair of boots of the Harvest Moon {rC++
                  | MP-9 Int-4 Dex+10}
 15283 | Gauntlet | Killed a great orb of eyes
 15292 | Gauntlet | Identified the amulet "Zihaxarr" {RegenMP rN+ Stlth+}
 15366 | Gauntlet | Noticed a minotaur
 15375 | Gauntlet | Killed a minotaur
 15383 | Gauntlet | Identified the ring of Besioco Tima {Fire Int+2}
 15983 | Lair:2   | Noticed Gastronok
 16002 | Lair:2   | Killed Gastronok
 16003 | Lair:2   | Reached skill level 1 in Armour
 16008 | Lair:2   | Gained mutation: You are in touch with the powers of death.
                  | [Mummy growth]
 16008 | Lair:2   | Reached XP level 13. HP: 84/103 MP: 15/29
 17448 | Lair:3   | Found a staircase to the Shoals.
 18053 | Lair:4   | Identified the +1 robe of Cunwuvuh {Fly rC- rCorr Dex+8}
 18413 | Lair:4   | Found a staircase to the Snake Pit.
 20172 | Lair:6   | Entered Level 6 of the Lair of Beasts
 20405 | Lair:6   | Found a staircase to the Slime Pits.
 20421 | Lair:6   | Reached skill level 5 in Dodging
 20833 | D:7      | Reached XP level 14. HP: 58/109 MP: 19/31
 20945 | D:7      | Killed hitsuchi's ghost
 21338 | D:1      | Bought a +0 buckler for 49 gold pieces
 21338 | D:1      | Bought a scroll of summoning for 104 gold pieces
 21338 | D:1      | Bought a wand of acid (10) for 308 gold pieces
 21366 | D:1      | Bought a scroll of identify for 28 gold pieces
 21366 | D:1      | Bought a scroll of torment for 105 gold pieces
 21366 | D:1      | Bought a scroll of magic mapping for 49 gold pieces
 21366 | D:1      | Bought a scroll of immolation for 49 gold pieces
 21367 | D:1      | Acquired 1076 gold pieces
 21428 | D:2      | Noticed Natasha
 21431 | D:2      | Killed Natasha
 21558 | Orc:1    | Entered Level 1 of the Orcish Mines
 21693 | Orc:1    | Found Iblidoz's Antique Armour Emporium.
 21696 | Orc:1    | Found a bloodstained altar of Trog.
 22003 | Orc:2    | Entered Level 2 of the Orcish Mines
 22003 | Orc:2    | Noticed an orc warlord
 22011 | Orc:2    | Killed an orc warlord
 22012 | Orc:2    | Reached skill level 1 in Shields
 22151 | Orc:2    | Found a staircase to the Elven Halls.
 22333 | Orc:2    | Noticed Colgate's ghost (journeyman DrEE)
 22563 | Orc:2    | Found Bicsaydgh's Book Emporium.
 22563 | Orc:2    | Found Doshull's Armour Boutique.
 22565 | Orc:2    | Found Vymoghuh's Distillery.
 22565 | Orc:2    | Found Wuxagobi's Jewellery Boutique.
 22571 | Orc:2    | Bought the Grimoire of Heat for 476 gold pieces
 22571 | Orc:2    | Bought an Everburning Encyclopedia for 364 gold pieces
 22577 | Orc:2    | Learned a level 4 spell: Sticky Flame
 22583 | Orc:2    | Learned a level 5 spell: Fireball
 22587 | Orc:2    | Learned a level 3 spell: Ignite Poison
 22655 | Orc:2    | Found a runed translucent gate.
 22656 | Orc:2    | Found a runed translucent gate.
 22658 | Orc:2    | Found a runed translucent gate.
 22671 | Orc:2    | Found a radiant altar of Vehumet.
 22816 | Orc:2    | Found Iceph's Assorted Antiques.
 22821 | Orc:2    | Bought a scroll of identify for 48 gold pieces
 22821 | Orc:2    | Bought a scroll of immolation for 84 gold pieces
 23935 | Lair:6   | Found a sparkling altar of Nemelex Xobeh.
 24637 | Lair:6   | Identified the ring of Tufoamoa {rPois AC+4 Str+4 Int-3}
 25677 | D:11     | Found a radiant altar of Vehumet.
 26351 | D:11     | Found Tipytyhu's Book Boutique.
 26359 | D:11     | Bought a book of Party Tricks for 208 gold pieces
 26361 | D:11     | Learned a level 1 spell: Apportation
 26535 | D:12     | Noticed Urug
 26548 | D:11     | Killed Urug
 26549 | D:11     | Reached XP level 15. HP: 75/115 MP: 19/33
 26852 | D:12     | You fall into a shaft and drop 1 floor!
 27001 | D:12     | Noticed Erolcha
 27009 | D:12     | Killed Erolcha
 27168 | D:12     | Reached skill level 15 in Fire Magic
 28638 | D:13     | Noticed Snorg
 28648 | D:13     | Killed Snorg
 28829 | D:13     | Reached skill level 15 in Spellcasting
 28847 | D:13     | Found a gate to the Vaults.
 29739 | D:14     | Identified the +2 leather armour of Mezcal {Dex+4}
 30368 | D:14     | Noticed a sphinx
 30377 | D:14     | Killed a sphinx
 30507 | D:14     | Noticed a sphinx
 30733 | Snake:1  | Entered Level 1 of the Snake Pit
 30921 | Snake:1  | Found a frozen archway.
 30950 | IceCv    | Entered an ice cave
 31048 | IceCv    | Reached skill level 5 in Shields
 32643 | IceCv    | Found the +3 pair of seven-league boots {Rampage+∞}
 32703 | Snake:1  | Reached XP level 16. HP: 122/122 MP: 14/35
 32823 | Snake:1  | Reached skill level 10 in Fighting
 33769 | Snake:1  | Found a large runed translucent door.
 33770 | Snake:1  | Found a large runed translucent door.
 33771 | Snake:1  | Noticed RamboRex's ghost (adept DsGl)
 33813 | Snake:1  | Killed RamboRex's ghost
 33910 | Snake:2  | Identified the amulet "Veqeyhet" {Acrobat MP+9 Dex+3}
 34475 | Snake:2  | Learned a level 2 spell: Blink
 34969 | Snake:2  | Identified the +4 war axe "Beastslayer" {protect, Will++}
 35015 | Snake:2  | Reached skill level 1 in Translocations
 35823 | Snake:2  | Found Aqen's Jewellery Shoppe.
 35824 | Snake:2  | Found Naits's Book Boutique.
 35824 | Snake:2  | Found Jurrif's Book Boutique.
 36781 | Shoals:1 | Entered Level 1 of the Shoals
 37557 | Shoals:1 | Found Ygiettiz's Gadget Gallery.
 37958 | Shoals:2 | Reached skill level 10 in Conjurations
 38124 | Shoals:2 | Found a transporter.
 38124 | Shoals:2 | Noticed wpisznazwe's ghost (journeyman TrMo)
 38152 | Shoals:2 | Found a transporter.
 38506 | Shoals:3 | Reached XP level 17. HP: 98/129 MP: 0/37
 39065 | Shoals:3 | Found Egecs's Magic Scroll Shop.
 39073 | Shoals:3 | Bought a scroll of teleportation for 48 gold pieces
 39073 | Shoals:3 | Bought 3 scrolls of fear for 168 gold pieces
 39558 | Shoals:4 | Entered Level 4 of the Shoals
 39559 | Shoals:4 | Noticed Aizul
 39571 | Shoals:3 | Killed Aizul
 39907 | Shoals:4 | Identified the +2 leather armour of the Demon Prince {rPois
                  | rF+ Dex+2}
 40252 | Elf:1    | Entered Level 1 of the Elven Halls
 40682 | Elf:1    | Identified the +6 mace of Gin and Tonic {venom, Fly Str+5
                  | Int+6}
 41444 | Elf:1    | Found Mauses's Distillery.
 42434 | Elf:2    | Found a runed translucent gate.
 42434 | Elf:2    | Found a runed translucent gate.
 42435 | Elf:2    | Found a runed translucent gate.
 42471 | Elf:2    | Found a runed translucent gate.
 42471 | Elf:2    | Found a runed translucent gate.
 42471 | Elf:2    | Found a runed translucent gate.
 42471 | Elf:2    | Noticed DildoBatman's ghost (veteran FoCj)
 42978 | Elf:3    | Entered Level 3 of the Elven Halls
 43391 | Elf:3    | Found Uzogasch's Assorted Antiques.
 43395 | Elf:3    | Found Xujom's Weapon Shop.
 43397 | Elf:3    | Bought a scroll of teleportation for 126 gold pieces
 43741 | Elf:3    | Learned a level 8 spell: Ignition
 44088 | Elf:3    | Noticed a deep elf blademaster
 44094 | Elf:3    | Killed a deep elf blademaster
 44453 | Elf:3    | Reached XP level 18. HP: 136/136 MP: 9/39
 45472 | Elf:3    | Identified the +2 flail of Jirghafuj {antimagic, Fragile
                  | rPois rF- Will+++}
 46496 | Elf:3    | Identified the +4 dagger "Testudineslayer" {vorpal, rF++
                  | rN+}
 46521 | Elf:3    | Identified the +0 pair of gloves of Lilacs {rF+ Str+4}
 46545 | Elf:3    | Identified the +7 hunting sling "Ihoneho" {freeze, rPois
                  | Stlth+}
 46975 | Snake:4  | Entered Level 4 of the Snake Pit
 47266 | Snake:4  | Found a sacrificial altar of Ru.
 49091 | Snake:4  | Got a serpentine rune of Zot
 49971 | Shoals:4 | Noticed Mlioglotl
 49983 | Shoals:4 | Killed Mlioglotl
 50139 | Shoals:4 | Identified the +1 ring mail of Sinodd {*Slow rC++ Str+3
                  | Stlth+}
 50926 | Shoals:4 | Reached XP level 19. HP: 142/142 MP: 30/41
 51572 | Shoals:4 | Got a barnacled rune of Zot
 53292 | D:15     | Entered Level 15 of the Dungeon
 53413 | D:15     | Found a staircase to the Depths.
 54376 | Slime:1  | Entered Level 1 of the Pits of Slime
 54604 | Vaults:1 | Entered Level 1 of the Vaults
 54884 | Vaults:1 | Reached skill level 1 in Evocations
 55165 | Vaults:1 | Found Gaiffara's Armour Shop.
 55189 | Vaults:1 | Found Ecyas's Armour Emporium.
 55629 | Vaults:1 | Found Ulesosas's Armour Boutique.
 55726 | Vaults:1 | Found Histum's Antique Armour Shoppe.
 55734 | Vaults:1 | Bought an ancient ring mail for 423 gold pieces
 55734 | Vaults:1 | Identified the +1 ring mail of Ynuunta {rElec rCorr Str-3}
                  | (You bought it in a shop on level 1 of the Vaults)
 55736 | Vaults:1 | Bought a jewelled ring mail for 423 gold pieces
 55736 | Vaults:1 | Identified the +0 ring mail "Paozomax" {rN+ Will+ rCorr
                  | Str+3} (You bought it in a shop on level 1 of the Vaults)
 55736 | Vaults:1 | Bought a twisted robe for 267 gold pieces
 55736 | Vaults:1 | Identified the +1 robe "Cilaulamal" {Fly Regen+ Stlth-}
                  | (You bought it in a shop on level 1 of the Vaults)
 57010 | Vaults:2 | Found a portal to a secret trove of treasure.
 57321 | Vaults:2 | Reached XP level 20. HP: 131/151 MP: 18/42
 58879 | Snake:2  | Bought a manual of Earth Magic for 880 gold pieces
 58879 | Snake:2  | Bought a book of the Spheres for 594 gold pieces
 58889 | Snake:2  | Learned a level 7 spell: Orb of Destruction
 59226 | Vaults:3 | Found Cienoo's Weapon Shoppe.
 59641 | Vaults:3 | Identified the +1 chain mail "Qaveig" {*Corrode rElec rPois
                  | rN+}
 61679 | Vaults:3 | Noticed Saint Roka
 61691 | Vaults:3 | Killed Saint Roka
 62189 | Vaults:3 | Found a staircase to the Crypt.
 63048 | Vaults:2 | You paid a toll of a +5 demon blade to enter a treasure
                  | trove
 63049 | Trove    | Entered a treasure trove
 63090 | Trove    | Identified the ring "Sigu Hiz" {Str+6 SInv}
 63117 | Trove    | Identified the +3 great mace of Exoneration {vorpal, Drain
                  | Fly rF+ rCorr}
 63119 | Trove    | Identified the +11 dagger of Precise Incision {drain, rPois
                  | rC+ Dex+2}
 63864 | Vaults:4 | Reached XP level 21. HP: 149/161 MP: 24/43
 65019 | Vaults:4 | Identified the ring "Ycorofik" {rPois Will- Int+2 SInv}
 65621 | Vaults:5 | Entered Level 5 of the Vaults
 65722 | Crypt:1  | Entered Level 1 of the Crypt
 66982 | Crypt:1  | Noticed Mara
 66987 | Crypt:1  | Noticed RepoMan's illusion
 66995 | Crypt:1  | Killed Mara
 67092 | Crypt:1  | Identified the +6 rapier "Qickeje" {vorpal, Dex+2}
 67194 | Crypt:1  | Noticed Sojobo
 67201 | Crypt:1  | Paralysed by an air elemental for 1 turns
 67206 | Crypt:1  | Killed Sojobo
 67386 | Crypt:1  | Noticed Bai Suzhen
 67396 | Crypt:1  | Killed Bai Suzhen
 69824 | Crypt:3  | Entered Level 3 of the Crypt
 69850 | Crypt:3  | Reached XP level 22. HP: 126/172 MP: 9/46
 70685 | Crypt:3  | Found a staircase to the Tomb.
 70768 | Crypt:3  | Identified the ring of the Empty Page {rC+ rN+ Will+ Dex-3}
 70984 | Crypt:3  | Identified the ring "Afruc" {rElec rN+ Str+2 Int+4 Dex+9}
 71328 | Crypt:3  | Noticed a dread lich
 71822 | Crypt:3  | Identified the +2 buckler of the Skies Above {-Tele rN+
                  | Str+3 Int+3}
 71822 | Crypt:3  | Identified the ring "Wuwah" {rN+ Str+2}
 72053 | Crypt:3  | Killed a dread lich
 72247 | Crypt:3  | Found a basalt altar of Yredelemnul.
 72250 | Crypt:3  | Found an ancient bone altar of Kikubaaqudgha.
 72291 | Crypt:3  | Noticed a curse toe
 72328 | Crypt:3  | Killed a curse toe
 73076 | Depths:1 | Entered Level 1 of the Depths
 73454 | Depths:1 | Found a shadowy altar of Dithmenos.
 73592 | Depths:1 | Found a gateway to Hell.
 74327 | Depths:1 | Found Emuy's Armour Shop.
 74330 | Depths:1 | Identified the +3 long sword "Bujuko" {protect, *Corrode
                  | Str+4 Int+5}
 74334 | Depths:1 | Bought the +2 helmet of Greed {rF+} for 370 gold pieces
 74532 | Depths:1 | Found a stormy altar of Qazlal.
 74921 | Depths:2 | Found a one-way gate leading to the halls of Pandemonium.
 75029 | Depths:2 | Found a one-way gateway to a ziggurat.
 75038 | Depths:2 | Reached skill level 1 in Earth Magic
 75221 | Depths:2 | Reached skill level 1 in Necromancy
 75369 | Depths:2 | Found Xobela Igegg's Specific Store.
 75374 | Depths:2 | Found Hoxifoe's General Store.
 75412 | Depths:2 | Noticed a golden dragon
 75416 | Depths:2 | Killed a golden dragon
 75516 | Depths:2 | Learned a level 5 spell: Borgnjor's Vile Clutch
 75516 | Depths:2 | Noticed a golden dragon
 75533 | Depths:2 | Killed a golden dragon
 76691 | Depths:2 | Identified the +6 long sword of Tydops {vorpal, *Rage rPois
                  | Will+++ Dex+7}
 76694 | Depths:2 | Identified the +1 robe of the Lost Path {Dex+3 Archmagi}
 76904 | Depths:3 | Identified the ring "Goh Sime" {Dex+6 Slay+4}
 76998 | Depths:3 | Found Pogassuni's Distillery.
 77531 | Depths:3 | Found an opulent altar of Gozag.
 77794 | Depths:3 | Reached XP level 23. HP: 179/179 MP: 38/48
 78476 | Depths:3 | Reached skill level 5 in Earth Magic
 78790 | Depths:3 | Noticed a juggernaut
 78808 | Depths:3 | Killed a juggernaut
 78884 | Depths:3 | Identified the amulet "Bopp" {Spirit rF++ Str+3}
 78899 | Depths:3 | Identified the +5 dagger "Raevosot" {freeze, rElec rF-
                  | Int+6 SInv}
 78901 | Depths:3 | Identified the +11 scimitar of Doom {drain, *Noise rElec
                  | Will++}
 78905 | Depths:3 | Identified the +8 arbalest "Egheat" {penet, *Slow rC+ Str+3
                  | Dex+5}
 78907 | Depths:3 | Identified the +9 dagger "Quost" {vorpal, Str+3}
 79418 | Depths:3 | Found a one-way gate to the infinite horrors of the Abyss.
 79503 | Depths:3 | Reached skill level 10 in Shields
 79979 | Depths:4 | Entered Level 4 of the Depths
 80107 | Depths:4 | Noticed a juggernaut
 80108 | Depths:4 | Reached skill level 5 in Necromancy
 80492 | Depths:4 | Killed a juggernaut
 81446 | Depths:4 | Learned a level 5 spell: Lee's Rapid Deconstruction
 81688 | Depths:4 | Found a gate to the Realm of Zot.
 81946 | Depths:4 | Found an ornate altar of the Wu Jian Council.
 82309 | Depths:3 | Voluntarily entered the Abyss.
 82347 | Abyss:2  | Found a corrupted altar of Lugonu.
 83275 | Abyss:4  | Found a corrupted altar of Lugonu.
 83337 | Abyss:5  | Entered Level 5 of the Abyss
 83387 | Depths:3 | Escaped the Abyss
 83713 | Vaults:5 | Noticed an ancient lich
 83719 | Vaults:5 | Reached skill level 15 in Fighting
 83914 | Vaults:5 | Noticed Frederick
 83924 | Vaults:5 | Killed Frederick
 84923 | Vaults:5 | Reached XP level 24. HP: 187/189 MP: 16/48
 84949 | Vaults:5 | Reached skill level 15 in Conjurations
 85455 | Depths:3 | Voluntarily entered the Abyss.
 85622 | Abyss:1  | Found a corrupted altar of Lugonu.
 85631 | Abyss:1  | Found a corrupted altar of Lugonu.
 85654 | Abyss:2  | Found a corrupted altar of Lugonu.
 86009 | Abyss:5  | Entered Level 5 of the Abyss
 86009 | Abyss:5  | Found a shimmering altar of Xom.
 86009 | Abyss:5  | Found a shimmering altar of Xom.
 86009 | Abyss:5  | Found a corrupted altar of Lugonu.
 86009 | Abyss:5  | Found a shimmering altar of Xom.
 86009 | Abyss:5  | Found a shimmering altar of Xom.
 86009 | Abyss:5  | Found a shimmering altar of Xom.
 86009 | Abyss:5  | Found a shimmering altar of Xom.
 86010 | Abyss:5  | Found a shimmering altar of Xom.
 86010 | Abyss:5  | Found a shimmering altar of Xom.
 86010 | Abyss:5  | Found a shimmering altar of Xom.
 86010 | Abyss:5  | Found a shimmering altar of Xom.
 86010 | Abyss:5  | Found a shimmering altar of Xom.
 86011 | Abyss:5  | Found a shimmering altar of Xom.
 86011 | Abyss:5  | Found a shimmering altar of Xom.
 86011 | Abyss:5  | Found a shimmering altar of Xom.
 86110 | Depths:3 | Escaped the Abyss
 86985 | Depths:3 | Voluntarily entered the Abyss.
 86994 | Abyss:1  | Found a corrupted altar of Lugonu.
 87026 | Abyss:1  | Noticed a dread lich
 88288 | Depths:3 | Escaped the Abyss
 88748 | Tomb:1   | Entered Level 1 of the Tomb of the Ancients
 89414 | Tomb:1   | Paralysed by a sphinx for 7 turns
 89579 | Tomb:1   | Identified the +1 scale mail "Wofenaov" {+Blink rElec
                  | Dex-5}
 89927 | Tomb:1   | Noticed a royal mummy
 89933 | Tomb:1   | Killed a royal mummy
 89933 | Tomb:1   | Noticed a royal mummy
 89934 | Tomb:1   | Reached skill level 5 in Evocations
 89941 | Tomb:1   | Killed a royal mummy
 89953 | Tomb:1   | Noticed a royal mummy
 92492 | Slime:3  | Reached skill level 1 in Stealth
 92873 | Slime:4  | Reached skill level 10 in Earth Magic
 93468 | Slime:4  | Found a shimmering altar of Xom.
 93529 | Slime:5  | Entered Level 5 of the Pits of Slime
 93844 | Slime:5  | Noticed the Royal Jelly
 94671 | Slime:5  | Found a viscous altar of Jiyva.
 94676 | Slime:5  | Found the +8 mithril axe "Arga" {speed, Will+}
 94680 | Slime:5  | Fell from the grace of Ignis
 94680 | Slime:5  | Became a worshipper of Jiyva Jiuzudwu the Shapeless
 96087 | Vaults:5 | Reached XP level 25. HP: 83/199 MP: 1/49
 96107 | Vaults:5 | Identified the amulet of Departure {Faith Fragile Int+4}
 96497 | Vaults:5 | Killed an ancient lich
 97320 | Snake:2  | Bought a book of Decay for 330 gold pieces
 97325 | Snake:2  | Learned a level 4 spell: Dispel Undead
 97651 | Orc:2    | Killed Colgate's ghost
 98475 | Vaults:5 | Got the Tome of Hexes
 98518 | Vaults:5 | Got a silver rune of Zot
 98521 | Vaults:5 | Identified the +1 dagger of the Sage {holy, rPois Will+
                  | Str+2 Dex+4}
 99231 | Zot:1    | Entered Level 1 of the Realm of Zot
 99798 | Zot:1    | Reached * piety under Jiyva
 99820 | Zot:1    | Found a transporter.
 99821 | Zot:1    | Found a transporter.
 99899 | Zot:1    | Noticed an orb of fire
100112 | Zot:1    | Found a transporter.
100112 | Zot:1    | Found a transporter.
100355 | Zot:1    | Found a transporter.
100356 | Zot:1    | Found a transporter.
100564 | Zot:1    | Killed an orb of fire
100725 | Zot:1    | You are sucked into a shaft and drop 1 floor!
100725 | Zot:2    | Reached ** piety under Jiyva
101167 | Zot:2    | Reached skill level 5 in Stealth
101496 | Zot:2    | Identified the +8 long sword "Cour Qaa" {elec, rPois Will+
                  | Str+5}
102306 | Zot:3    | Reached *** piety under Jiyva
102557 | Zot:3    | Noticed an orb of fire
102579 | Zot:2    | Was placed under penance by Jiyva
103126 | Zot:3    | Killed from afar by an orb of fire

Illustrated notes

Levels and vault maps discovered:
D:1:      roderic_octagonal_star, layout_loops_ring, serial_shops,
          nicolae_shop_statue_plus, shop, shop, shop, shop,
          hellmonk_ecumenical_altar_dog_temple
D:2:      layout_loops_ring, uniq_crazy_yiuf_cottage, uniq_natasha
D:3:      kennysheep_six_static_rooms, layout_basic, serial_shops, shop,
          uniq_robin
D:4:      old_forge, layout_basic, corexii_hall_statues_s, kennysheep_doodads
D:5:      layout_loops_corners, ebering_dispersal_statue_hall,
          hangedman_decor_opposing, uniq_sigmund
D:6:      layout_basic, minmay_lizard_king
D:7:      nzn_winding_woodlands_small [nzn_winding_woodlands_5x15_twine,
          nzn_winding_woodlands_center_pierced_h,
          nzn_winding_woodlands_5x15_cabin], layout_cave_pods,
          minmay_temple_entry_offerings, gammafunk_ghost_stat_death,
          dk_noncrumbling_2
D:8:      layout_rooms, eino_jars, uniq_harold, uniq_erica
D:9:      layout_basic, erik_lair_island, orc_0_dummy
D:10:     layout_cross, mainiacjoe_overflow_boulevard, hangedman_decor_points,
          minmay_the_grid_2x2 [minmay_the_grid_spin_star,
          minmay_the_grid_minigrid_large, minmay_the_grid_small_cups,
          minmay_the_grid_prize_trominoes], uniq_joseph, uniq_grum, uniq_sonja
D:11:     layout_layer_cave, serial_shops, shop_statue,
          nicolae_vehumet_altar_sigil
D:12:     layout_irregular_city, amcnicky_mini_pool_small, uniq_erolcha,
          uniq_urug
D:13:     layout_roguey, skrybe_vaults_entry_preservation,
          minmay_misc_feat_doors, uniq_snorg
D:14:     cheibrodos_leafed_vault, layout_layer_cave,
          chequers_serial_rivers_room_a
D:15:     hangedman_depths_entry_try_elsewhere_first, layout_cave_pools
Temple:   mainiacjoe_temple_starburst
Lair:1:   layout_loops_ring, grunt_megastairs_5, lemuel_fruit_fields,
          lemuel_fruit_fields
Lair:2:   layout_cave_pods, gauntlet_entry_generic, serial_bayou_shore_a,
          uniq_gastronok
Lair:3:   layout_cave_pods, shoals_dummy_entry, chequers_serial_rivers_small_a,
          st_stairs_3, infiniplex_staircase_pool_2
Lair:4:   layout_cave_pods, guppyfry_snake_entry_garden
Lair:5:   layout_roguey, lemuel_fruit_tree
Lair:6:   grunt_lair_end_beastmaster, layout_small_grid,
          minmay_slime_entry_jelly_boxes, basic_altar, minivault_27
Shoals:1: layout_shoals, nicolae_shop_gadgets
Shoals:2: layout_shoals, gammafunk_ghost_berserking_beasts, nzn_prometheus_bound
Shoals:3: layout_shoals, serial_shops, nicolae_shop_waterfront
Shoals:4: shoals_end_hellmonk_lost_city, serial_shops, uniq_aizul,
          uniq_mlioglotl
Snake:1:  layout_onion_interference, ebering_ghost_disaster_area,
          portal_ice_cave_entry_ice_statue_two
Snake:2:  layout_chambers, grunt_megastairs_4, minmay_shop_grove
Snake:3:  layout_rooms, special_room
Snake:4:  minmay_snake_end_coiled, layout_cave_town, basic_altar
Slime:1:  layout_caves
Slime:2:  layout_caves, nicolae_slime_phagocytosis
Slime:3:  layout_caves
Slime:4:  layout_caves, basic_altar
Slime:5
Orc:1:    layout_caves, serial_shops, shop, basic_altar
Orc:2:    grunt_orc_tribal_feast, layout_diamond_mine, serial_shops,
          nicolae_shop_hallway_stairs, gammafunk_ghost_split,
          lemuel_statue_altar, kennysheep_orc_chapel
Elf:1:    eino_elf_arrival_customs, layout_gridlike, serial_shops,
          nicolae_shop_crystal, hangedman_elf_represent
Elf:2:    elven_hall_of_blades_hangedman_original [grunt_blade_entry_basic],
          layout_loops_corners, ebering_ghost_rock_garden, grunt_ministairs_12
Elf:3:    minmay_elf_hall_hex, layout_geoelf_diagonals, minmay_shoptagon
Vaults:1: hangedman_vaults_corner_blocks, vaults_dpeg_hooks, vaults_room_pool,
          v_misc_33, vaults_room_fours, v_misc_3, nicolae_vaults_little_ls,
          vaults_room_pool, nicolae_vaults_border_crossing,
          layout_vaults_omnigrid, serial_shops, shop, nicolae_shop_statue_plus,
          shop_fountains, nicolae_shop_crystal
Vaults:2: mu_enter_wizlab_4, st_smaller_cells, v_rooms_3, grunt_vaults_bifocal,
          vaults_room_stairs_pillars, vaults_room_ringed_pool, v_pattern_3,
          ontoclasm_vaults_ring_large, ontoclasm_vaults_misaligned,
          vaults_dpeg_ring, nicolae_vaults_little_squares_2,
          vaults_room_large_hall, vaults_room_door_hall, layout_vaults_omnibox,
          nicolae_trove_entry_crossroad
Vaults:3: serial_ice_h, nicolae_vaults_shelves_hall,
          ontoclasm_vaults_ring_small, v_misc_32, nicolae_vaults_alarming,
          nicolae_vaults_what_the_h, ontoclasm_vaults_claustrophobia,
          nicolae_vaults_network_quincunx
          [nicolae_vaults_network_quincunx_subvault,
          nicolae_vaults_network_quincunx_subvault,
          nicolae_vaults_network_quincunx_subvault,
          nicolae_vaults_network_quincunx_subvault,
          nicolae_vaults_network_quincunx_subvault], grunt_vaults_diagonal,
          v_misc_8, hangedman_vaults_maws, minmay_crypt_entry_skeletal_spiral,
          grunt_vaults_hallway_short, hangedman_vaults_capsules,
          layout_vaults_omnicross, serial_shops, nicolae_square_shop,
          uniq_saint_roka
Vaults:4: nicolae_vaults_ninety_degrees, ontoclasm_vaults_fault, v_misc_5,
          grunt_vaults_focal, vaults_room_octagon, vaults_room_corners,
          vaults_room_grunt_arrival_ludios, st_octagons_2, vaults_dpeg_spiral,
          v_misc_27, nicolae_vaults_hallways_thing,
          nicolae_vaults_three_branches, v_misc_19, nicolae_vaults_asterisk,
          layout_vaults_maze
Vaults:5: uniq_frederick
Crypt:1:  layout_gridlike, grunt_crypt_arrival_split, lemuel_upstairs_altar,
          grunt_megastairs_2, uniq_mara, uniq_bai_suzhen, uniq_sojobo
Crypt:2:  dreamdust_cat_pyramid, layout_chaotic_city, grunt_ministairs_1,
          minicrypt_bobbens
Crypt:3:  lightli_unholy_cathedral, layout_chaotic_city,
          tomb_entry_forgotten_bobbens
Tomb:1
Depths:1: layout_forbidden_donut, pf_hell_entry_tar_spiral,
          nicolae_dithmenos_through_a_glass_darkly, grunt_qazlal_clouds,
          grunt_megastairs_3, minmay_shop_star
Depths:2: minmay_shrinking_squares, layout_cave_pools, enter_ziggurat_c,
          hell_entry, chequers_serial_rivers_small_a, pan_entry,
          hangedman_decor_diamond_cutter, nicolae_specific_store,
          infiniplex_staircase_pillars_1
Depths:3: giant_chief_lemuel, layout_basic, serial_shops, shop_coins,
          abyss_entry_small_statue_room, pan_entry, grunt_mini_vestibule,
          grunt_gozag_breadcrumbs, chequers_serial_rivers_micro_d,
          hangedman_decor_slide_cut
Depths:4: evilmike_zot_entry_argh, layout_cave_pools, pan_entry, hell_entry,
          nzn_wu_jian_contemplation
Zot:1:    layout_twisted_circle, bh_zot_ikea_curve, serial_nicolae_subway,
          nicolae_sub_station_crystal, nicolae_sub_station_metal,
          nicolae_sub_station_stone
Zot:2:    layout_misc_corridors, st_small_dragon_hoard_4,
          amethyst_zot_foddershock
Zot:3:    layout_gridville

Skill      XL: |  1  2  3  4  5  6  7  8  9 10 11 12 13 14 15 16 17 18 19 20 21 22 23 24 25 |
---------------+----------------------------------------------------------------------------+-----
Spellcasting   | 2 3 4 5 7 9 10 11 12 13 14 15 16 17 18 20 21 22 23 | 23.8
Fire Magic     | 3 4 5 6 7 9 10 11 12 13 14 15 16 18 20 21 22 23 | 23.4
Fighting       | 4 6 7 8 9 10 11 12 14 15 16 | 16.8
Conjurations   | 2 4 5 7 8 9 10 11 12 13 14 15 16 | 16.5
Dodging        | 3 5 6 7 8 |  8.2
Armour         | 1 3 4 |  4.0
Shields        | 3 5 6 7 9 10 | 10.8
Translocations | 3 |  3.0
Evocations     | 3 6 7 |  7.1
Earth Magic    | 4 8 10 13 | 13.3
Necromancy     | 3 6 7 |  7.0
Stealth        | 3 5 |  5.0
Polearms       | |  2.4

Action                   |  1- 3 |  4- 6 |  7- 9 | 10-12 | 13-15 | 16-18 | 19-21 | 22-24 | 25-27 || total
-------------------------+-------+-------+-------+-------+-------+-------+-------+-------+-------++-------
Melee: Spear             |    48 |    48 |       |       |       |       |       |       |       ||    96
       Quarterstaff      |       |     6 |       |    28 |    37 |       |       |       |       ||    71
       Short sword       |       |     8 |    75 |    96 |     2 |       |       |       |       ||   181
       Punch             |       |       |     1 |       |       |       |       |       |       ||     1
       Staff             |       |       |       |       |    97 |    93 |   122 |   325 |    22 ||   659
       War axe           |       |       |       |       |       |       |    63 |    35 |       ||    98
       Long sword        |       |       |       |       |       |       |       |    75 |    15 ||    90
       Eveningstar       |       |       |       |       |       |       |       |     3 |       ||     3
Throw: Dart              |       |       |     7 |    10 |     1 |     1 |     6 |     1 |       ||    26
       Throwing net      |       |       |     1 |     5 |       |     1 |     1 |     4 |       ||    12
 Cast: Scorch            |    24 |    70 |   124 |   219 |   235 |   178 |   230 |   180 |    50 ||  1310
       Poisonous Vapours |       |       |    19 |    35 |    61 |    70 |    29 |    27 |    11 ||   252
       Corpse Rot        |       |       |     1 |     2 |       |       |       |       |       ||     3
       Flame Wave        |       |       |       |    12 |    20 |       |       |       |       ||    32
       Iskenderun's Myst |       |       |       |     4 |    15 |    31 |    28 |    62 |    41 ||   181
       Stone Arrow       |       |       |       |     9 |    25 |    89 |    32 |    92 |    60 ||   307
       Starburst         |       |       |       |    16 |   102 |    60 |   164 |   146 |    54 ||   542
       Fireball          |       |       |       |       |    77 |   289 |    99 |    89 |     8 ||   562
       Sticky Flame      |       |       |       |       |    42 |    45 |    87 |    84 |    26 ||   284
       Ignite Poison     |       |       |       |       |    25 |    33 |    17 |    15 |     6 ||    96
       Apportation       |       |       |       |       |       |    13 |    11 |    34 |    12 ||    70
       Ignition          |       |       |       |       |       |       |    43 |    90 |    13 ||   146
       Orb of Destructio |       |       |       |       |       |       |     3 |   140 |    84 ||   227
       Borgnjor's Vile C |       |       |       |       |       |       |       |    62 |     1 ||    63
       Lee's Rapid Decon |       |       |       |       |       |       |       |    36 |     1 ||    37
       Blink             |       |       |       |       |       |       |       |    21 |    11 ||    32
       Dispel Undead     |       |       |       |       |       |       |       |       |     3 ||     3
Invok: Fiery Armour      |     1 |       |     2 |     2 |     1 |     1 |       |     2 |       ||     9
       Foxfire Swarm     |       |       |     2 |       |       |       |       |       |       ||     2
       Rising Flame      |       |       |       |       |       |       |       |     1 |       ||     1
Evoke: Wand              |       |       |     2 |    12 |    14 |    40 |     7 |    27 |     6 ||   108
       Lightning rod     |       |       |       |     3 |     6 |    16 |    22 |     9 |       ||    56
       Phantom mirror    |       |       |       |     1 |     2 |     4 |     3 |     7 |       ||    17
       Phial of floods   |       |       |       |       |     1 |     2 |     1 |     3 |     2 ||     9
       Tin of tremorston |       |       |       |       |       |       |     3 |     4 |       ||     7
       Condenser vane    |       |       |       |       |       |       |       |     1 |       ||     1
  Use: Scroll            |       |       |     7 |    16 |    12 |     8 |     8 |    39 |    11 ||   101
 Stab: Distracted        |       |       |       |       |       |     1 |       |     1 |       ||     2
       Held in net/web   |       |       |       |       |       |       |       |     1 |       ||     1
       Sleeping          |       |       |       |       |       |       |       |       |     1 ||     1
Armor: Robe              |     7 |     7 |    26 |   126 |    33 |       |       |       |       ||   199
       Leather armour    |       |    16 |    13 |       |       |       |       |       |       ||    29
       Ring mail         |       |       |     1 |       |       |       |   167 |    51 |       ||   219
       Troll leather arm |       |       |       |       |   101 |   112 |    43 |       |       ||   256
       Acid dragon scale |       |       |       |       |       |       |       |   369 |    84 ||   453
Dodge: Dodged            |    18 |    30 |    70 |   194 |   233 |   180 |   225 |   676 |   127 ||  1753
Block: Buckler           |       |       |       |       |    46 |       |       |       |       ||    46
       Kite shield       |       |       |       |       |       |   191 |   293 |   776 |   123 ||  1383
